 Dungeon Crawl Stone Soup version 0.17-a0-1863-g715b4b0 (webtiles) character file.

588 topherade the Archer (level 7, -4/48 HPs)
             Began as a High Elf Hunter on Sept 20, 2015.
             Was a Believer of Zin.
             Shot with an arrow by a centaur (12 damage)
             ... on level 5 of the Dungeon.
             The game lasted 00:13:51 (1975 turns).

topherade the Archer (High Elf Hunter)              Turns: 1975, Time: 00:13:51

Health: -4/48      AC:  9    Str: 13    XL:     7   Next: 15%
Magic:  8/8        EV:  7    Int: 14    God:    Zin [**....]
Gold:   45         SH:  0    Dex: 17    Spells: 0 memorised, 6 levels left

rFire  . . .     SeeInvis .     c - +0 short sword
rCold  . . .     Clarity  .     i - +0 chain mail (curse)
rNeg   . . .     SustAt   .     (no shield)
rPois  .         Gourm    .     k - +0 helmet
rElec  .         Spirit   .     (no cloak)
rCorr  .         Warding  .     (no gloves)
rMut   .         Stasis   .     (no boots)
MR     .....                    (no amulet)
Stlth  ..........               (no ring)
                                (no ring)

@: not resistant to hostile enchantments, extremely unstealthy
A: no striking features
a: Donate Gold, Recite, Vitalisation, Renounce Religion


You were on level 5 of the Dungeon.
You worshipped Zin.
Zin was pleased with you.
You were not hungry.

You visited 1 branch of the dungeon, and saw 5 of its levels.

You collected 103 gold pieces.
You donated 58 gold pieces to Zin.

Inventory:

Hand weapons
 a - a +1 shortbow
 c - a +0 short sword (weapon)
 f - a +0 dagger
Armour
 d - a +0 leather armour
 i - a cursed +0 chain mail (worn)
 k - a +0 helmet (worn)
 l - a +0 chain mail
 m - a +0 leather armour
 n - a +2 leather armour of cold resistance
Comestibles
 b - a beef jerky
 e - 2 bread rations
 g - 2 meat rations


   Skills:
 + Level 4.0 Fighting
 * Level 8.3 Bows
 + Level 4.3 Dodging
 + Level 3.7 Stealth


You had 6 spell levels left.
You didn't know any spells.

Dungeon Overview and Level Annotations

Branches:
Dungeon (5/15)
 Temple: D:4-7

Altars:
Zin
Jiyva

Shops:
D:4 [

Annotations:
D:4 Dowan


Message History

You feel much better.
You feel sick.
The worker ant bites you but does no damage.
You hit the worker ant.
You kill the worker ant!
You feel sick.
You start resting.
You feel sick.
You feel sick. x16
You are no longer poisoned.
You start resting.
A centaur comes into view.
The centaur shouts!
The centaur wields a shortbow.
The centaur shoots an arrow.
The arrow hits you.
The centaur shoots an arrow.
The arrow hits you!
* * * LOW HITPOINT WARNING * * *
You see here an arrow.
b - a beef jerky The centaur shoots an arrow.
The arrow barely misses you.
You see here an arrow.
The centaur shoots an arrow.
The arrow hits you!
You die...

............######.#
............# #
........c..##
......†....#
...........##
.....(....(.##
.$..(.....#..###
...(......##(..##
..(.......####@.#
..........#
##.......
..........# #......
.........# ......
....... ..... #####


You could see a centaur.

Vanquished Creatures
  Duvessa (D:5)
  2 ogres (D:4)
  A giant frog (D:4)
  A hound (D:4)
  2 orc priests (D:4)
  A jelly (D:4)
  2 worker ants
  3 adders (D:2)
  4 oozes
  A worm (D:2)
  2 giant geckos
  3 orcs (D:4)
  4 bats
  A goblin (D:2)
  3 hobgoblins (D:2)
  2 kobolds (D:2)
  A quokka (D:4)
  3 giant newts (D:2)
  A rat (D:2)
38 creatures vanquished.

Notes
Turn   | Place    | Note
--------------------------------------------------------------
     0 | D:1      | topherade the High Elf Hunter began the quest for the Orb.
     0 | D:1      | Reached XP level 1. HP: 14/14 MP: 2/2
   228 | D:2      | Reached XP level 2. HP: 10/20 MP: 3/3
   428 | D:2      | Found a faded altar to an unknown god.
   441 | D:2      | Reached XP level 3. HP: 25/25 MP: 4/4
   502 | D:2      | Became a worshipper of Zin the Law-Giver
   502 | D:2      | Acquired Zin's first power
   503 | D:2      | Donated 24 gold pieces to Zin
   504 | D:2      | Donated 12 gold pieces to Zin
   552 | D:2      | Reached skill level 6 in Bows
   889 | D:4      | Donated 12 gold pieces to Zin
   944 | D:4      | Found a viscous altar of Jiyva.
   952 | D:4      | Reached XP level 4. HP: 30/30 MP: 5/5
  1076 | D:4      | Reached XP level 5. HP: 34/36 MP: 6/6
  1142 | D:4      | Noticed an ogre
  1150 | D:4      | Killed an ogre
  1150 | D:4      | Reached skill level 7 in Bows
  1150 | D:4      | Reached XP level 6. HP: 38/42 MP: 7/7
  1277 | D:4      | Noticed a giant frog
  1284 | D:4      | Killed a giant frog
  1308 | D:4      | Found Zet Miti's Antique Armour Shop.
  1308 | D:4      | Noticed an ogre
  1317 | D:4      | Killed an ogre
  1746 | D:4      | Acquired Zin's second power
  1753 | D:5      | Entered Level 5 of the Dungeon
  1758 | D:5      | Noticed Duvessa
  1759 | D:5      | Noticed Dowan
  1765 | D:5      | Killed Duvessa
  1765 | D:5      | Reached skill level 8 in Bows
  1765 | D:5      | Reached XP level 7. HP: 41/48 MP: 8/8
  1790 | D:4      | Zin protects you from harm!
  1975 | D:5      | Shot with an arrow by a centaur

Vault maps used:
D:1:      roderic_chinese_lattice_arrival, tso_altar
D:2:      ecumenical_altar_1
D:3:      first_bread, uniq_natasha
D:4:      serial_shops, shop, jiyva_altar_1
D:5:      uniq_grinder, uniq_duvessa

Action                   |  1- 3 |  4- 6 |  7- 9 || total
-------------------------+-------+-------+-------++-------
Melee: Short sword       |       |       |    22 ||    22
 Fire: Shortbow          |    64 |    58 |     4 ||   126
Invok: Donate Gold       |     3 |       |       ||     3
  Use: Potion            |     1 |     1 |     2 ||     4
       Scroll            |       |     4 |     1 ||     5
  Eat: Pizza             |       |     1 |       ||     1
       Bread ration      |       |     1 |       ||     1
